 Dungeon Crawl Stone Soup version 0.31-a0-150-g89dc3ad700 (webtiles) character file.

Game seed: 11752805225588847336

578972 vianneychevalier the Minotaur Barricade (level 25, -5/385 HPs)
             Began as a Minotaur Fighter on June 2, 2023.
             Was the Champion of Qazlal.
             Slain by a tentacled monstrosity (11 damage)
             ... on level 1 of the Realm of Zot on June 8, 2023.
             The game lasted 03:49:29 (59052 turns).

vianneychevalier the Minotaur Barricade (MiFi)     Turns: 59052, Time: 03:49:31

Health: -5/385     AC: 57    Str: 40    XL:     25   Next: 87%
Magic:  22/22      EV: 19    Int:  6    God:    Qazlal [******]
Gold:   7344       SH: 47    Dex: 12    Spells: 24/24 levels left

rFire   + + .        X - +18 lance "Wyrmbane" {slay drac, rPois rF+ rC+ AC+3}
rCold   + + +        M - +10 tower shield of Ignorance {rN+ Int-4}
rNeg    + + .        S - +11 crystal plate armour
rPois   +            Y - -2 hat of the Alchemist {rElec rPois rF+ rC+ rN+ Will+ rMut rCorr}
rElec   +            e - +2 cloak {rCorr}
rCorr   +            Z - +2 pair of gloves {Str+3}
SInv    .            V - +2 pair of boots
Will    ++...        m - amulet "Wacyaciz" {Reflect Drain rC+ Int+5 SH+5} Stlth
                     f - +6 ring of strength
HPRegen 0.84/turn    N - ring of the Hare {EV+10}
MPRegen 0.18/turn

%: repel missiles, reflection, resist mutation
@: berserking, protected from physical damage, constricted, studying
Transmutations, very quick
A: horns 2, retaliatory headbutt, iridescent scales 1
}: 3/15 runes: decaying, serpentine, silver
a: Renounce Religion, Upheaval, Elemental Force, Disaster Area


You were on level 1 of the Realm of Zot.
You worshipped Qazlal.
Qazlal was exalted by your worship.
You visited 13 branches of the dungeon, and saw 49 of its levels.
You visited the Abyss 1 time.
You also visited: Bailey and Ice Cave.

You collected 12658 gold pieces.
You spent 5314 gold pieces at shops.

Inventory:

Hand Weapons
 g - the +12 shortbow "Cudiawah" {speed, rCorr}
   (You found it on level 5 of the Vaults)

   rCorr:     It protects you from acid and corrosion.
 s - a +2 heavy war axe
 U - the +0 arbalest "Jimigg" {penet, Fly rCorr Stlth+}
   (You found it on level 3 of the Depths)

   Fly:       It grants you flight.
   rCorr:     It protects you from acid and corrosion.
   Stlth:     It makes you more stealthy.
 X - the +18 lance "Wyrmbane" (weapon) {slay drac, rPois rF+ rC+ AC+3}
   (You took it off a deep elf sorcerer on level 3 of the Elven Halls)

   AC:        It affects your AC (+3).
   rF:        It protects you from fire.
   rC:        It protects you from cold.
   rPois:     It protects you from poison.
Missiles
 R - 11 silver javelins
Armour
 e - a +2 cloak of preservation (worn)
 M - the +10 tower shield of Ignorance (worn) {rN+ Int-4}
   (You found it on level 2 of the Vaults)

   Int:       It affects your intelligence (-4).
   rN:        It protects you from negative energy.
 S - a +11 crystal plate armour (worn)
 V - a +2 pair of boots (worn)
 Y - the -2 hat of the Alchemist (worn) {rElec rPois rF+ rC+ rN+ Will+ rMut rCorr}
   (You found it on level 3 of the Lair of Beasts)

   rF:        It protects you from fire.
   rC:        It protects you from cold.
   rElec:     It insulates you from electricity.
   rPois:     It protects you from poison.
   rN:        It protects you from negative energy.
   rCorr:     It protects you from acid and corrosion.
   rMut:      It protects you from mutation.
   Will:      It increases your willpower.
 Z - a +2 pair of gloves of strength (worn)
Jewellery
 f - a +6 ring of strength (left hand)
 m - the amulet "Wacyaciz" (around neck) {Reflect Drain rC+ Int+5 SH+5}
   (You found it on level 5 of the Lair of Beasts)

   [amulet of reflection]

   It reflects blocked missile attacks.
   Int:       It affects your intelligence (+5).
   rC:        It protects you from cold.
   Drain:     It drains your maximum health when unequipped.
   SH:        It affects your SH (+5).
 B - the ring of Beris {rF+ rC+ Str+3 Int+3}
   (You found it on level 5 of the Vaults)

   [ring of protection from fire]

   Str:       It affects your strength (+3).
   Int:       It affects your intelligence (+3).
   rF:        It protects you from fire.
   rC:        It protects you from cold.
 H - the amulet of Elemental Vulnerability {rPois rF-- rC-- AC+8}
   (You found it on level 6 of the Dungeon)

   [amulet of nothing]

   AC:        It affects your AC (+8).
   rF:        It makes you very vulnerable to fire.
   rC:        It makes you very vulnerable to cold.
   rPois:     It protects you from poison.
 N - the ring of the Hare (right hand) {EV+10}
   (You found it on level 3 of the Crypt)

   [ring of evasion]

   EV:        It affects your evasion (+10).
 P - a +6 ring of strength
Wands
 c - a wand of iceblast (52)
 i - a wand of polymorph (17)
 w - a wand of digging (55)
 y - a wand of flame (178)
 F - a wand of charming (49)
 I - a wand of acid (33)
 O - a wand of mindburst (24)
Scrolls
 a - 2 scrolls of blinking
 b - 7 scrolls of fog
 k - 17 scrolls of enchant weapon
 l - a scroll of butterflies
 n - 31 scrolls of teleportation
 u - 16 scrolls of identify
 C - 5 scrolls of magic mapping
 D - 9 scrolls of fear
 G - 6 scrolls of poison
 J - 5 scrolls of brand weapon
 L - a scroll of silence
Potions
 h - a potion of berserk rage
 j - 3 potions of haste
 o - 8 potions of enlightenment
 p - 6 potions of brilliance
 q - 4 potions of ambrosia
 r - 5 potions of invisibility
 v - 4 potions of resistance
 x - 5 potions of heal wounds
 z - 6 potions of magic
 A - 17 potions of curing
 E - 4 potions of mutation
 K - 2 potions of might (quivered)
 Q - 6 potions of cancellation
Miscellaneous
 W - a lightning rod (4/4)


   Skills:
 O Level 27 Fighting
 + Level 25.7(27) Axes
 + Level 21.5(26.4) Polearms
 + Level 22.9 Armour
 * Level 11.4 Dodging
 O Level 27 Shields


You had 24 spell levels left.
You didn't know any spells.
Your spell library contained the following spells:

 Spells                   Type           Power      Damage    Failure   Level
 Kiss of Death            Conj/Necr      0%         2d5       93%         1
 Magic Dart               Conj           0%         1d3       93%         1
 Sandblast                Erth           0%         2d4       93%         1
 Shock                    Conj/Air       0%         1d3       93%         1
 Summon Small Mammal      Summ           0%         N/A       93%         1
 Call Imp                 Summ           0%         N/A       98%         2
 Cigotuvi's Dreadful Rot  Necr/Pois/Air  0%         N/A       98%         2
 Lesser Beckoning         Tloc           0%         N/A       98%         2
 Passwall                 Tmut/Erth      0%         N/A       98%         2
 Poisonous Vapours        Pois/Air       0%         N/A       98%         2
 Scorch                   Fire           0%         2d5       98%         2
 Searing Ray              Conj           0%         2d4       98%         2
 Sublimation of Blood     Necr           0%         N/A       98%         2
 Wereblood                Tmut           0%         N/A       98%         2
 Call Canine Familiar     Summ           0%         N/A       100%        3
 Confusing Touch          Hex            0%         N/A       100%        3
 Dazzling Flash           Conj/Hex       0%         N/A       100%        3
 Frozen Ramparts          Ice            0%         1d1       100%        3
 Gell's Gravitas          Tloc           0%         N/A       100%        3
 Hailstorm                Conj/Ice       0%         3d3       100%        3
 Ignite Poison            Fire/Tmut/Pois 0%         N/A       100%        3
 Inner Flame              Hex/Fire       0%         N/A       100%        3
 Mephitic Cloud           Conj/Pois/Air  0%         N/A       100%        3
 Ozocubu's Armour         Ice            0%         N/A       100%        3
 Portal Projectile        Hex/Tloc       0%         N/A       100%        3
 Stone Arrow              Conj/Erth      0%         3d7       100%        3
 Summon Guardian Golem    Hex/Summ       0%         N/A       100%        3
 Swiftness                Air            0%         N/A       100%        3
 Teleport Other           Tloc           0%         N/A       100%        3
 Tukima's Dance           Hex            0%         N/A       100%        3
 Vhi's Electric Charge    Tloc/Air       0%         N/A       100%        3
 Volatile Blastmotes      Fire/Tloc      0%         2d10      100%        3
 Airstrike                Air            0%         2d(0-16)  100%        4
 Animate Armour           Summ/Erth      0%         N/A       100%        4
 Dispel Undead            Necr           0%         3d6       100%        4
 Flame Wave               Conj/Fire      0%         2d4       100%        4
 Fulminant Prism          Conj/Hex       0%         3d5       100%        4
 Ice Form                 Ice/Tmut       0%         N/A       100%        4
 Iskenderun's Mystic Bla  Conj/Tloc      0%         2d3       100%        4
 Leda's Liquefaction      Hex/Erth       0%         N/A       100%        4
 Manifold Assault         Tloc           0%         N/A       100%        4
 Passage of Golubria      Tloc           0%         N/A       100%        4
 Petrify                  Tmut/Erth      0%         N/A       100%        4
 Sticky Flame             Conj/Fire      0%         2d3       100%        4
 Summon Ice Beast         Ice/Summ       0%         N/A       100%        4
 Summon Lightning Spire   Summ/Air       0%         N/A       100%        4
 Agony                    Necr           0%         N/A       100%        5
 Alistair's Intoxication  Tmut/Pois      0%         N/A       100%        5
 Arcjolt                  Conj/Air       0%         1d10      100%        5
 Blade Hands              Tmut           0%         N/A       100%        5
 Borgnjor's Vile Clutch   Necr/Erth      0%         N/A       100%        5
 Fireball                 Conj/Fire      0%         3d3       100%        5
 Freezing Cloud           Conj/Ice/Air   0%         6-21      100%        5
 Irradiate                Conj/Tmut      0%         3d11      100%        5
 Iskenderun's Battlesphe  Conj           0%         2d6       100%        5
 Lee's Rapid Deconstruct  Erth           0%         3d4*      100%        5
 Metabolic Englaciation   Hex/Ice        0%         N/A       100%        5
 Silence                  Hex/Air        0%         N/A       100%        5
 Summon Forest            Summ/Tloc      0%         N/A       100%        5
 Yara's Violent Unravell  Hex/Tmut       0%         3d3       100%        5
 Conjure Ball Lightning   Conj/Air       0%         3x3d6     100%        6
 Dispersal                Tloc           0%         N/A       100%        6
 Eringya's Noxious Bog    Tmut/Pois      0%         N/A       100%        6
 Leda's Unmaking          Conj/Erth      0%         9d1       100%        6
 Plasma Beam              Fire/Air       0%         2x1d10    100%        6
 Simulacrum               Ice/Necr       0%         N/A       100%        6
 Starburst                Conj/Fire      0%         6d3       100%        6
 Statue Form              Tmut/Erth      0%         N/A       100%        6
 Summon Cactus Giant      Summ           0%         N/A       100%        6
 Enfeeble                 Hex            0%         N/A       100%        7
 Malign Gateway           Summ/Tloc      0%         N/A       100%        7
 Orb of Destruction       Conj           0%         9d5       100%        7
 Summon Hydra             Summ           0%         N/A       100%        7
 Disjunction              Tloc           0%         N/A       100%        8
 Ignition                 Fire           0%         3d3       100%        8
 Lehudib's Crystal Spear  Conj/Erth      0%         10d2      100%        8
 Fire Storm               Conj/Fire      0%         5d1       100%        9


Dungeon Overview and Level Annotations

Branches:
Dungeon (15/15)            Temple (1/1) D:5            Lair (5/5) D:10
  Swamp (4/4) Lair:2        Snake (4/4) Lair:2        Slime (0/5) Lair:4
    Orc (2/2) D:11            Elf (3/3) Orc:2        Vaults (5/5) D:14
  Crypt (3/3) Vaults:3       Tomb (1/3) Crypt:3      Depths (4/4) D:15
   Hell (visited)             Zot (1/5) Depths:4     Bailey (visited)
  IceCv (visited)
    Dis: Hell:1         Geh: Hell:1         Coc: Hell:1         Tar: Hell:1

Altars:
Ashenzari
Cheibriados
Dithmenos
Elyvilon
Fedhas
Gozag
Hepliaklqana
Kikubaaqudgha
Makhleb
Nemelex Xobeh
Okawaru
Qazlal
Ru
Sif Muna
Trog
Uskayaw
Vehumet
Wu Jian
Xom
Yredelemnul
Zin
The Shining One
Jiyva

Shops:
D:2 [   D:8 *   D:12 ?   D:15 *?[?[   Orc:2 *!:[=   Elf:1 ?   Elf:2 =
Elf:3 *!   Snake:3 ::   Vaults:1 *   Vaults:2 ?   Vaults:3 =   Vaults:4 ([(
Depths:3 *

Portals:
Hell: Depths:1 Depths:2 Depths:3 Depths:4
Abyss: Depths:3
Pandemonium: Orc:2 Depths:2 Depths:3 Depths:4
Ziggurat: Depths:4

Annotations:
Hell Geryon, Murray


Innate Abilities, Weirdness & Mutations

You have a pair of horns on your head.
You reflexively headbutt those who attack you in melee.
You are partially covered in iridescent scales. (AC +2)


Message History

The death cob is engulfed in freezing vapours.
You block the death cob's attack.
You block the tentacled monstrosity's attack.
The tentacled monstrosity tentacle-slaps you!
* * * LOW HITPOINT WARNING * * *
The tentacled monstrosity tentacle-slaps you but does no damage.
The electric golem is engulfed in freezing vapours.
The tentacled monstrosity tentacle-slaps you but does no damage.
The tentacled monstrosity tentacle-slaps you!
* * * LOW HITPOINT WARNING * * *
You block the tentacled monstrosity's attack.
The tentacled monstrosity's grasp on you weakens, but your attempt to escape fails.
The red draconian hits you with a +0 scimitar!!
* * * LOW HITPOINT WARNING * * *
You feel more protected from physical attacks.
You block the black draconian's attack. You block the death cob's attack.
The death cob is engulfed in freezing vapours.
You block the death cob's attack.
You block the tentacled monstrosity's attack.
The tentacled monstrosity tentacle-slaps you but does no damage. x2
The tentacled monstrosity constricts you.
Something hits you but does no damage.
The electric golem is engulfed in freezing vapours.
The electric golem blinks!
The tentacled monstrosity tentacle-slaps you but does no damage.
You block the tentacled monstrosity's attack.
The tentacled monstrosity tentacle-slaps you but does no damage.
You impale the tentacled monstrosity!!
You headbutt the tentacled monstrosity!!
The tentacled monstrosity is moderately wounded.
The death cob hits you but does no damage.
The death cob is engulfed in freezing vapours.
You block the death cob's attack.
You block the tentacled monstrosity's attack. x2
The tentacled monstrosity tentacle-slaps you but does no damage.
The red draconian splashes around in the water.
The black draconian misses you.
The tentacled monstrosity tentacle-slaps you but does no damage.
The tentacled monstrosity tentacle-slaps you!
You die...

..y.#
#..#..#####
#.........##
.........y.## ##
.....~......#...
..~...d.d.○...#
..9..>yzz§○..#
.......X@§..#
.~.>.8zXXd..#
......§§z○°.#
....!⌠..$...#
..~.....~...#
.....~......#
○..........##
#..........#
##########.#


You could see an electric golem, 3 tentacled monstrosities, a black draconian
(berserk), a purple draconian (berserk), a red draconian (berserk), a curse toe,
3 death cobs and 3 moths of wrath.

Vanquished Creatures
  3 dread liches
  An ancient lich (Vaults:4)
  A juggernaut (Depths:2)
  Margery (Crypt:3)
  Vashnia (Snake:3)
  5 golden dragons
  A caustic shrike (Depths:3)
  The ghost of bmj180 the Eclecticist, a veteran MfIE of Vehumet (Vaults:4)
  the Enchantress (Depths:3)
  A bone dragon (Depths:4)
  The ghost of Smee the Bludgeoner, an adept MiFi of Okawaru (Snake:2)
  10 tentacled monstrosities
  A shard shrike skeleton (Crypt:2)
  10 liches
  2 walking earthen tomes
  A quicksilver dragon (Depths:4)
  A walking divine tome (Depths:3)
  2 deep elf blademasters (Elf:3)
  A deep elf master archer (Elf:3)
  4 titans
  The ghost of Chingon the Severer, an adept MiFi of Okawaru (Swamp:3)
  Gastronok (Lair:1)
  6 ancient champions
  A death cob (Zot:1)
  Donald (Elf:2)
  10 sphinxes
  8 shadow dragons
  Kirke (Snake:1)
  8 tengu reavers
  Roxanne (D:14)
  9 revenants
  12 fire giants
  6 storm dragons
  4 nagarajas
  8 deep elf sorcerers
  3 iron dragons
  A spectral caustic shrike (Crypt:3)
  A draconian scorcher (Depths:4)
  Aizul (Snake:3)
  19 vault wardens
  7 frost giants
  3 balrugs
  5 spriggan defenders
  3 deep elf elementalists
  A draconian stormcaller (Depths:4)
  2 reapers
  3 orc warlords
  A curse skull (Crypt:3)
  8 ghouls
  18 very ugly things
  11 ironbound preservers
  2 war gargoyles
  6 ironbound thunderhulks
  A caustic shrike skeleton (Crypt:2)
  22 stone giants
  5 eleionomae
  9 vampire knights
  5 deep elf demonologists
  2 green draconians (Depths:4)
  A lorocyproca (Depths:2)
  A yellow draconian (Depths:4)
  A black draconian (Depths:4)
  3 white draconians (Depths:4)
  12 deep elf annihilators
  8 dire elephants (Vaults:2)
  11 eidola
  6 spark wasps
  A spark wasp (shapeshifter) (Vaults:4)
  15 ettins
  15 deep elf death magi
  A merfolk impaler (Depths:1)
  9 jiangshi
  2 crystal guardians
  2 green deaths (Swamp:4)
  4 entropy weavers
  A shambling mangrove (Swamp:3)
  13 yaktaur captains
  12 fire dragons
  6 deep elf high priests
  4 great orbs of eyes
  The ghost of alfthe the Cleaver, a journeyman HOFi of Yredelemnul (Orc:2)
  33 vault guards
  8 ice dragons
  4 salamander tyrants (Snake:4)
  A spectral fenstrider witch (Crypt:3)
  3 rakshasas
  18 hydras
  5 ogre magi
  3 peacekeepers
  12 ironbound frosthearts
  A bennu zombie (Crypt:3)
  6 spriggan air magi
  The ghost of Xoff the Thaumaturge, a journeyman GnHW of Vehumet (Lair:1)
  A ghost crab (Swamp:4)
  A caustic shrike simulacrum (Crypt:1)
  2 spriggan skeletons
  A catoblepas (D:14)
  14 anacondas
  11 centaur warriors
  7 boulder beetles
  3 demonspawn (Orc:2)
  8 death yaks
  A spectral stone giant (Crypt:3)
  8 alligators
  4 deep troll shamans
  A death knight (Crypt:2)
  14 naga warriors
  34 dancing weapons
  5 deep troll earth magi
  10 spriggan berserkers
  8 two-headed ogres
  13 vampire magi
  A bennu skeleton (Crypt:2)
  9 tengu warriors
  8 hell knights
  14 naga sharpshooters
  2 thrashing horrors (Swamp:4)
  8 orc high priests (Orc:2)
  A shock serpent (shapeshifter) (Vaults:5)
  17 spriggans
  7 shock serpents
  3 sun demons
  21 deep elf knights
  An emperor scorpion zombie (Crypt:3)
  3 skysharks
  4 iron trolls
  5 salamander mystics
  24 skeletal warriors
  13 shadow wraiths
  A storm dragon skeleton (Crypt:1)
  A sixfirhy (Depths:2)
  A sea snake (Snake:3)
  4 goliath frogs
  2 bunyip zombies (Crypt:2)
  34 deep trolls
  An orange crystal statue (IceCv)
  8 flayed ghosts
  5 naga ritualists
  12 deep elf archers
  12 bog bodies
  A spriggan druid (Swamp:4)
  6 swamp dragons
  3 glowing orange brains
  An anaconda skeleton (Crypt:1)
  22 ironbound convokers
  5 harpies
  19 lindwurms
  A spriggan simulacrum (Crypt:1)
  5 wizards
  A large abomination (Swamp:4)
  9 necromancers
  A wolf spider zombie (Crypt:3)
  A bunyip skeleton (Crypt:1)
  43 deep elf zephyrmancers
  2 wolf spiders (Lair:5)
  A golden dragon skeleton (Crypt:1)
  39 phantasmal warriors
  An oklob plant (Lair:3)
  A wolf spider (shapeshifter) (Vaults:4)
  7 orc knights
  A frost giant zombie (Crypt:2)
  28 deep elf pyromancers
  8 mana vipers
  2 manticores
  3 cyclopes
  27 salamanders
  6 orc sorcerers
  2 shadow dragon skeletons
  A shining eye (shapeshifter) (Vaults:5)
  27 ugly things
  14 vault sentinels
  39 black mambas
  4 guardian serpents
  A moth of wrath (Zot:1)
  20 elephants
  Maurice (D:11)
  Joseph (D:8)
  A rust devil (Depths:2)
  2 will-o-the-wisps
  A smoke demon (Depths:1)
  2 centaur zombies
  2 torpor snails (Lair:3)
  18 naga magi
  A stone giant skeleton (Vaults:3)
  A guardian serpent (shapeshifter) (D:15)
  7 orange demons
  A formless jellyfish zombie (Crypt:3)
  An elf zombie (Vaults:1)
  A titan simulacrum (Depths:2)
  3 gargoyles
  2 unseen horrors
  7 rime drakes
  14 cane toads
  A dire elephant skeleton (Crypt:2)
  31 yaktaurs
  A kobold demonologist (D:12)
  15 komodo dragons
  An anaconda simulacrum (IceCv)
  A centaur skeleton (Crypt:1)
  3 efreet
  9 freezing wraiths
  9 tengu conjurers
  A golden dragon simulacrum (IceCv)
  An ice devil (Orc:2)
  5 guardian mummies
  A spectral naga (Crypt:3)
  A sea snake skeleton (Crypt:2)
  13 hornets
  3 meliai (D:15)
  A queen bee (D:15)
  2 red devils
  6 trolls
  9 tyrant leeches
  2 hellwings (Orc:2)
  2 polar bears (Lair:3)
  A guardian serpent zombie (Crypt:3)
  An ettin zombie (Vaults:3)
  16 blink frogs
  A fire dragon zombie (Crypt:1)
  2 dream sheep (Lair:5)
  A satyr zombie (Crypt:1)
  2 human simulacra (Vaults:1)
  5 air elementals
  9 flying skulls (Crypt:3)
  12 water elementals
  A yak (shapeshifter) (D:13)
  A jumping spider (Vaults:2)
  10 shadows
  8 vampires
  A dire elephant simulacrum (IceCv)
  50 slime creatures
  14 wraiths
  2 wyverns
  A wind drake zombie (Crypt:1)
  An alligator snapping turtle simulacrum (Crypt:1)
  8 basilisks
  An ettin skeleton (Vaults:1)
  A golden eye (shapeshifter) (D:14)
  56 yaks
  Grum (Lair:1)
  5 fire elementals
  2 chaos spawn
  An ushabti (Tomb:1)
  6 hogs
  2 steam dragons
  A neqoxec (Depths:3)
  A redback (Vaults:4)
  11 vampire mosquitoes
  3 wargs
  A redback (shapeshifter) (Depths:2)
  A harpy simulacrum (IceCv)
  15 water moccasins
  8 acid dragons
  11 swamp worms
  A swamp worm (shapeshifter) (Depths:3)
  47 nagas
  4 floating eyes
  A merfolk skeleton (Crypt:1)
  A fire bat skeleton (Crypt:1)
  35 orc warriors
  2 sky beasts
  3 swamp drakes (Lair:5)
  A black bear (shapeshifter) (D:13)
  An ettin simulacrum (Vaults:3)
  A black bear (D:7)
  An ice dragon simulacrum (Crypt:1)
  A lindwurm zombie (Crypt:3)
  2 boggarts (Elf:1)
  4 ogres
  6 centaurs
  2 human skeletons
  10 wolves
  A phantom (D:6)
  4 kobold brigands
  9 bullfrogs
  A gnoll sergeant (D:7)
  5 earth elementals
  2 necrophages
  2 scorpions
  10 wights
  A cyclops skeleton (Crypt:2)
  A water moccasin skeleton (Crypt:2)
  A warg skeleton (Crypt:1)
  4 lindwurm simulacra (IceCv)
  27 killer bees
  7 vampire bats (Bailey)
  7 wolf zombies (Bailey)
  3 electric eels
  2 howler monkeys
  A hound (D:4)
  A gnoll bouda (D:5)
  A black bear zombie (Crypt:2)
  22 orc priests
  Jessica (D:3)
  2 sleepcaps
  6 iguanas
  16 orc wizards
  A hell rat (Hell)
  A hound zombie (Crypt:1)
  5 mummies
  8 gnolls
  11 adders
  A shadow imp (D:6)
  2 white imps
  An ufetubus (D:7)
  A worm (D:2)
  4 dart slugs
  109 orcs
  7 ball pythons
  6 bats
  10 endoplasms
  2 giant cockroaches
  11 goblins
  4 hobgoblins
  3 jackals (D:4)
  6 quokkas
  A ball python skeleton (Crypt:1)
  A ball python zombie (Crypt:3)
  4 frilled lizards
  24 kobolds
  25 orc zombies (Bailey)
  7 rats
  A spectral weapon (Snake:4)
2183 creatures vanquished.

Vanquished Creatures (others)
  An ironbound preserver (Vaults:4)
  A very ugly thing (Depths:3)
  A deep elf death mage (Crypt:1)
  A vampire mage (Crypt:2)
  A dancing weapon (Elf:2)
  2 deep elf knights
  A deep elf zephyrmancer (Elf:1)
  2 bloated husks (Swamp:2)
  A jumping spider zombie (Crypt:1)
  A naga (Snake:4)
  A swamp worm (Swamp:2)
  An orc (Vaults:5)
14 creatures vanquished.

Grand Total: 2197 creatures vanquished

Notes
Turn   | Place    | Note
-------+----------+-------------------------------------------
     0 | D:1      | vianneychevalier the Minotaur Fighter began the quest for
                  | the Orb.
     0 | D:1      | Reached XP level 1. HP: 19/19 MP: 0/0
    85 | D:1      | Reached XP level 2. HP: 25/27 MP: 1/1
   216 | D:1      | Reached XP level 3. HP: 33/33 MP: 2/2
   216 | D:1      | Upgraded the game from 0.31-a0-133-gaae73658be to
                  | 0.31-a0-145-g046c7d2549
   821 | D:2      | Reached XP level 4. HP: 38/40 MP: 3/3
   837 | D:2      | Found Lonusamn's Antique Armour Boutique.
   923 | D:2      | Reached skill level 5 in Axes
  1202 | D:3      | Noticed Jessica
  1206 | D:3      | Killed Jessica
  1207 | D:3      | Reached XP level 5. HP: 46/46 MP: 4/4
  1491 | D:3      | Found a glowing golden altar of the Shining One.
  1765 | D:4      | Found a sparkling altar of Nemelex Xobeh.
  1928 | D:4      | Reached XP level 6. HP: 31/52 MP: 5/5
  2607 | D:5      | Entered Level 5 of the Dungeon
  3011 | D:5      | Found a hazy altar of Hepliaklqana.
  3056 | D:5      | Reached skill level 5 in Armour
  3347 | D:5      | Found a staircase to the Ecumenical Temple.
  3495 | Temple   | Entered the Ecumenical Temple
  3544 | Temple   | Became a worshipper of Qazlal Stormbringer
  3654 | D:6      | Reached XP level 7. HP: 60/60 MP: 6/6
  3972 | D:6      | Found a shadowy altar of Dithmenos.
  3978 | D:6      | Reached skill level 5 in Fighting
  4327 | D:6      | Reached XP level 8. HP: 66/68 MP: 7/7
  4340 | D:6      | Found the amulet of Elemental Vulnerability {rPois rF--
                  | rC-- AC+8}
  4474 | D:7      | Reached * piety under Qazlal
  4499 | D:7      | Reached skill level 10 in Axes
  4556 | D:7      | Noticed a troll
  4561 | D:7      | Killed a troll
  4838 | D:7      | Reached XP level 9. HP: 75/75 MP: 8/8
  4893 | D:7      | Identified the -2 hat "Etretto" {rN+ Int+4 Stlth+}
  5065 | D:7      | Reached skill level 1 in Dodging
  5067 | D:7      | Reached skill level 5 in Shields
  5145 | D:8      | Found a shadowy altar of Dithmenos.
  5481 | D:8      | Reached ** piety under Qazlal
  5560 | D:8      | Noticed Joseph
  5564 | D:8      | Killed Joseph
  5741 | D:8      | Found Viujeach's Elemental Accessories.
  5892 | D:2      | Bought a tower shield for 117 gold pieces
  6041 | D:8      | Found a stormy altar of Qazlal.
  6041 | D:8      | Noticed a troll
  6047 | D:8      | Killed a troll
  6295 | D:9      | Noticed a two-headed ogre
  6299 | D:9      | Killed a two-headed ogre
  6300 | D:9      | Reached XP level 10. HP: 69/84 MP: 9/9
  6763 | D:9      | Found a flagged portal.
  6773 | Bailey   | Entered a bailey
  6831 | Bailey   | Noticed a gargoyle
  6836 | Bailey   | Killed a gargoyle
  6854 | Bailey   | Identified the +9 hand axe "Ypyje" {elec, rPois rC++ Str-5
                  | Stlth+}
  6963 | Bailey   | Reached *** piety under Qazlal
  7086 | Bailey   | Identified the +0 pair of gloves "Lakhahas" {rF+}
  7264 | D:9      | Found a stormy altar of Qazlal.
  7267 | D:9      | Found a blossoming altar of Fedhas.
  7267 | D:9      | Found a hide-covered altar of Uskayaw.
  7276 | D:9      | Reached skill level 15 in Axes
  7276 | D:9      | Found a shimmering altar of Xom.
  7276 | D:9      | Found a shimmering blue altar of Sif Muna.
  7276 | D:9      | Found an ornate altar of the Wu Jian Council.
  7561 | D:10     | Entered Level 10 of the Dungeon
  7853 | D:10     | Noticed a two-headed ogre
  7866 | D:10     | Reached XP level 11. HP: 81/92 MP: 10/10
  7870 | D:10     | Killed a two-headed ogre
  7870 | D:10     | Reached **** piety under Qazlal
  7986 | D:10     | Found a staircase to the Lair.
  8045 | D:10     | Identified the +5 rapier of Okawaru's Grace {flame, +Blink
                  | rC+ Str+5 Int-3}
  8236 | D:10     | Noticed a purple ugly thing
  8241 | D:10     | Killed a purple ugly thing
  8276 | D:10     | Found a hide-covered altar of Uskayaw.
  8276 | D:10     | Found an iron altar of Okawaru.
  8440 | Lair:1   | Entered Level 1 of the Lair of Beasts
  8478 | Lair:1   | You fall into a shaft and drop 1 floor!
  8495 | Lair:2   | Noticed an eight-headed hydra
  8504 | Lair:2   | Killed a 12-headed hydra
  8507 | Lair:2   | Noticed a death yak
  8507 | Lair:2   | Noticed a death yak
  8508 | Lair:2   | Noticed a death yak
  8522 | Lair:1   | Noticed Gastronok
  8533 | Lair:1   | HP: 1/94 [Gastronok/the air (12)]
  8537 | Lair:1   | Killed Gastronok
  8856 | Lair:1   | Found a large runed translucent door.
  8856 | Lair:1   | Found a large runed translucent door.
  8858 | Lair:1   | Noticed Xoff's ghost (journeyman GnHW)
  8885 | Lair:1   | Reached skill level 10 in Shields
  8907 | Lair:1   | Noticed Grum
  8914 | Lair:1   | Killed Grum
  9087 | Lair:1   | Reached ***** piety under Qazlal
  9508 | Lair:1   | Killed Xoff's ghost
  9509 | Lair:1   | Reached skill level 10 in Armour
  9570 | Lair:2   | Reached XP level 12. HP: 103/103 MP: 11/11
  9670 | Lair:2   | Noticed a death yak
  9686 | Lair:2   | Noticed a death yak
  9758 | Lair:2   | Killed a death yak
  9799 | Lair:2   | Killed a death yak
  9843 | Lair:2   | Killed a death yak
  9848 | Lair:2   | Killed a death yak
  9849 | Lair:2   | Reached skill level 10 in Fighting
  9862 | Lair:2   | Killed a death yak
 10023 | Lair:2   | Found a staircase to the Snake Pit.
 10395 | Lair:2   | Found a staircase to the Swamp.
 10656 | Lair:3   | Reached XP level 13. HP: 109/116 MP: 9/12
 10895 | Lair:3   | Identified the +1 ring mail of Hubris {rPois Regen+ Dex+2}
 11070 | Lair:3   | Found the -2 hat of the Alchemist {rElec rPois rF+ rC+ rN+
                  | Will+ rMut rCorr}
 12019 | Lair:4   | Found a viscous altar of Jiyva.
 12019 | Lair:4   | Found a staircase to the Slime Pits.
 12363 | Lair:5   | Entered Level 5 of the Lair of Beasts
 12388 | Lair:5   | Reached ****** piety under Qazlal
 12614 | Lair:5   | Reached XP level 14. HP: 122/127 MP: 13/13
 13007 | Lair:5   | Identified the +5 ring mail of the Heavens {Harm Slay+5}
 13223 | Lair:5   | Reached skill level 15 in Shields
 13252 | Lair:5   | Identified the amulet "Wacyaciz" {Reflect Drain rC+ Int+5
                  | SH+5}
 14188 | Snake:1  | Entered Level 1 of the Snake Pit
 14317 | D:11     | Noticed Maurice
 14323 | D:11     | Killed Maurice
 14394 | D:11     | Found a staircase to the Orcish Mines.
 14424 | Orc:1    | Entered Level 1 of the Orcish Mines
 14705 | Orc:2    | Entered Level 2 of the Orcish Mines
 14792 | Orc:2    | Found Vipod's General Store.
 14797 | Orc:2    | Found Iplom's Distillery.
 14837 | Orc:2    | Bought a potion of curing for 45 gold pieces
 14928 | Orc:2    | Found a runed translucent gate.
 14935 | Orc:2    | Noticed an orc warlord
 14948 | Orc:2    | Paralysed by an orc sorcerer for 5 turns
 14953 | Orc:2    | Killed an orc warlord
 15168 | Orc:2    | Found a runed translucent gate.
 15168 | Orc:2    | Found a runed translucent gate.
 15168 | Orc:2    | Noticed alfthe's ghost (journeyman HOFi)
 15178 | Orc:2    | Killed alfthe's ghost
 15299 | Orc:2    | Lost intelligence.
 15403 | Orc:2    | Found Xateck's Jewellery Shoppe.
 15624 | Orc:2    | Found a staircase to the Elven Halls.
 15761 | Orc:2    | Reached XP level 15. HP: 84/137 MP: 14/14
 16022 | Orc:2    | Found Jengyoq's Book Shop.
 16022 | Orc:2    | Found Koutaes's Antique Armour Boutique.
 16023 | Orc:2    | Found a one-way gate leading to the halls of Pandemonium.
 16509 | Snake:1  | Noticed a nagaraja
 16518 | Snake:1  | Killed a nagaraja
 16977 | Swamp:1  | Entered Level 1 of the Swamp
 17568 | Swamp:2  | Identified a scroll of acquirement
 17583 | Swamp:2  | Found a sparkling altar of Nemelex Xobeh.
 17584 | Swamp:2  | Acquired 864 gold pieces
 18112 | Swamp:3  | Found a runed translucent gate.
 18112 | Swamp:3  | Found a runed translucent gate.
 18112 | Swamp:3  | Found a runed translucent gate.
 18115 | Swamp:3  | Noticed Chingon's ghost (adept MiFi)
 18141 | Swamp:3  | Killed Chingon's ghost
 18901 | Swamp:4  | Entered Level 4 of the Swamp
 19230 | Swamp:3  | Reached XP level 16. HP: 131/147 MP: 15/15
 19413 | Swamp:4  | Reached skill level 15 in Fighting
 19955 | Swamp:4  | Noticed a tentacled monstrosity
 19973 | Swamp:4  | Killed a tentacled monstrosity
 20340 | Swamp:4  | Got a decaying rune of Zot
 20529 | Snake:2  | Noticed Kirke
 20534 | Snake:2  | Reached skill level 15 in Armour
 20741 | Snake:1  | Killed Kirke
 21330 | Snake:2  | Found a runed translucent door.
 21330 | Snake:2  | Found a shimmering altar of Xom.
 21331 | Snake:2  | Noticed Smee's ghost (adept MiFi)
 21352 | Snake:2  | Killed Smee's ghost
 22117 | Snake:3  | Reached XP level 17. HP: 156/157 MP: 16/16
 22166 | Snake:3  | Noticed Aizul
 22175 | Snake:3  | Killed Aizul
 22270 | Snake:3  | Noticed Vashnia
 22300 | Snake:3  | Killed Vashnia
 22556 | Snake:3  | Found Ynutwoim's Book Boutique.
 22571 | Snake:3  | Found Pezainat's Book Shoppe.
 23093 | Snake:4  | Entered Level 4 of the Snake Pit
 24253 | Snake:4  | Got a serpentine rune of Zot
 25623 | D:12     | Reached XP level 18. HP: 168/168 MP: 17/17
 25700 | D:12     | Found Purhy's Magic Scroll Shop.
 25706 | D:12     | Bought a scroll of identify for 22 gold pieces
 25706 | D:12     | Bought a scroll of identify for 22 gold pieces
 25706 | D:12     | Bought a scroll of poison for 44 gold pieces
 25706 | D:12     | Bought a scroll of identify for 22 gold pieces
 25706 | D:12     | Bought a scroll of teleportation for 33 gold pieces
 25777 | D:12     | Found a stormy altar of Qazlal.
 26003 | D:12     | Found a gate leading to a gauntlet.
 26195 | D:13     | Found an ancient bone altar of Kikubaaqudgha.
 27341 | D:14     | Noticed Roxanne
 27370 | D:14     | Killed Roxanne
 27678 | D:14     | Found a gate to the Vaults.
 27689 | D:14     | Reached XP level 19. HP: 177/177 MP: 18/18
 27801 | Vaults:1 | Entered Level 1 of the Vaults
 27962 | D:15     | Entered Level 15 of the Dungeon
 28090 | D:15     | Found Utider's Magic Scroll Emporium.
 28091 | D:15     | Found Widisch's Antique Armour Shop.
 28105 | D:15     | Bought a scroll of teleportation for 60 gold pieces
 28105 | D:15     | Bought a scroll of blinking for 150 gold pieces
 28176 | D:15     | Found Mauf Puo's Armour Emporium.
 28288 | D:15     | Found a staircase to the Depths.
 28532 | D:15     | Found a frozen archway.
 28539 | IceCv    | Entered an ice cave
 28580 | IceCv    | Found a transporter.
 28596 | IceCv    | Found a transporter.
 28816 | D:15     | Found Ixaun's Magic Scroll Shop.
 28821 | D:15     | Found Umuseblo's Assorted Antiques.
 28824 | D:15     | Bought a scroll of enchant weapon for 82 gold pieces
 28824 | D:15     | Bought a scroll of enchant armour for 82 gold pieces
 28824 | D:15     | Bought a scroll of enchant armour for 82 gold pieces
 28830 | D:15     | Bought a scroll of enchant weapon for 255 gold pieces
 29039 | Depths:1 | Entered Level 1 of the Depths
 29442 | Elf:1    | Entered Level 1 of the Elven Halls
 29703 | Elf:1    | Paralysed by a floating eye for 4 turns
 29921 | Elf:1    | Paralysed by an air elemental for 1 turns
 30012 | Elf:1    | Paralysed by a floating eye for 3 turns
 30164 | Elf:1    | Paralysed by an air elemental for 1 turns
 30207 | Elf:1    | Found Vettuj's Magic Scroll Boutique.
 30213 | Elf:1    | Bought a scroll of enchant weapon for 82 gold pieces
 30213 | Elf:1    | Bought a scroll of enchant weapon for 82 gold pieces
 30213 | Elf:1    | Bought 3 scrolls of teleportation for 99 gold pieces
 30213 | Elf:1    | Bought a scroll of teleportation for 33 gold pieces
 30544 | Elf:2    | Found Fucycual's Jewellery Shop.
 30570 | Elf:2    | Reached XP level 20. HP: 103/187 MP: 19/19
 30764 | Elf:2    | Paralysed by an air elemental for 1 turns
 30781 | Elf:2    | Paralysed by an air elemental for 1 turns
 30976 | Elf:2    | Found a runed translucent gate.
 30976 | Elf:2    | Found a runed translucent gate.
 30982 | Elf:2    | Found a runed translucent gate.
 31120 | Elf:2    | Noticed Donald
 31128 | Elf:2    | Killed Donald
 32033 | Elf:3    | Entered Level 3 of the Elven Halls
 32229 | Elf:3    | Identified the +1 scale mail of the Armoured One {Dex+5}
 32719 | Elf:3    | Paralysed by an air elemental for 1 turns
 32744 | Elf:3    | Found Jagymos's Elven Fire.
 32867 | Elf:3    | Found Iwikk's Distillery.
 32889 | Elf:3    | Bought a potion of curing for 30 gold pieces
 32889 | Elf:3    | Bought a potion of curing for 30 gold pieces
 32889 | Elf:3    | Bought a potion of berserk rage for 50 gold pieces
 33677 | Elf:3    | Identified the +0 broad axe of Tunuc {vamp, rCorr}
 34417 | Elf:3    | Identified the +0 robe of the Archfiend {Dex+5}
 34755 | Elf:3    | Identified the +7 chain mail "Cabb" {rCorr Stlth+}
 34776 | Elf:3    | Got the Teachings on Stony Geometries
 34777 | Elf:3    | Identified the staff of earth "Afuet" {rF+ rN+ Will+ Str+2}
 34821 | Elf:3    | Identified the staff of poison "Ysiat" {rPois rC+ Int+2
                  | Dex+2}
 34829 | Elf:3    | Got the Quarto of Red Nonlocality
 34838 | Elf:3    | Identified the +4 shortbow "Penuuxt" {freeze, *Slow rC+
                  | rCorr Int+3}
 35505 | D:15     | Gained mutation: Your muscles are strong. (Str +4, Int/Dex
                  | -1) [potion of mutation]
 35506 | D:15     | Lost mutation: Your muscles are strong. (Str +4, Int/Dex
                  | -1) [potion of mutation]
 35507 | D:15     | Gained mutation: You have hidden genetic potential. [potion
                  | of mutation]
 36026 | Vaults:1 | Reached XP level 21. HP: 167/196 MP: 20/20
 36188 | Vaults:1 | Found Sasoanus's Assorted Antiques.
 36209 | Vaults:1 | Bought a scroll of teleportation for 84 gold pieces
 36209 | Vaults:1 | Bought a scroll of teleportation for 84 gold pieces
 36994 | Vaults:1 | Reached skill level 1 in Polearms
 37028 | Vaults:1 | Got The Second Course in Sorcery
 37229 | Vaults:2 | Found the +10 tower shield of Ignorance {rN+ Int-4}
 37299 | Vaults:2 | Identified the staff of earth "Hayhugy" {rCorr}
 37728 | Vaults:2 | Reached skill level 5 in Polearms
 37745 | Vaults:2 | You fall into a shaft and drop 2 floors!
 37888 | Vaults:4 | Found a runed translucent door.
 37889 | Vaults:4 | Noticed bmj180's ghost (veteran MfIE)
 37927 | Vaults:4 | Killed bmj180's ghost
 38801 | Vaults:4 | Found an opulent altar of Gozag.
 38803 | Vaults:4 | Found Gozag's Antique Weapon Emporium.
 38805 | Vaults:4 | Found Gozag's Antique Weapon Shoppe.
 38806 | Vaults:4 | Found Gozag's Antique Armour Emporium.
 39053 | Vaults:5 | Entered Level 5 of the Vaults
 39320 | Vaults:3 | Found a staircase to the Crypt.
 39480 | Vaults:3 | Identified the +0 leather armour of Makhleb's Condemnation
                  | {+Blink Str+3}
 39744 | Vaults:3 | Reached skill level 10 in Polearms
 39832 | Vaults:3 | Found Rotot's Jewellery Shoppe.
 40071 | Vaults:3 | Reached XP level 22. HP: 181/206 MP: 21/21
 40763 | Vaults:2 | Reached skill level 27 in Shields
 41314 | Vaults:2 | Found Cuthel's Magic Scroll Shoppe.
 41317 | Vaults:2 | Bought a scroll of enchant weapon for 120 gold pieces
 41317 | Vaults:2 | Bought a scroll of acquirement for 832 gold pieces
 41320 | Vaults:2 | Acquired 760 gold pieces
 42544 | Crypt:1  | Entered Level 1 of the Crypt
 43043 | Crypt:1  | Found a transporter.
 43045 | Crypt:1  | Found a radiant altar of Vehumet.
 43125 | Crypt:1  | Noticed a dread lich
 43780 | Crypt:1  | Killed a dread lich
 43818 | Crypt:1  | Upgraded the game from 0.31-a0-145-g046c7d2549 to
                  | 0.31-a0-149-g3fdcc5976a
 44211 | Crypt:1  | Found a transporter.
 45614 | Crypt:2  | Reached XP level 23. HP: 220/221 MP: 22/22
 46198 | Crypt:3  | Entered Level 3 of the Crypt
 46350 | Crypt:3  | Reached skill level 15 in Polearms
 47022 | Crypt:3  | Found a staircase to the Tomb.
 47307 | Crypt:3  | Found an ancient bone altar of Kikubaaqudgha.
 47881 | Crypt:3  | Noticed Margery
 47893 | Crypt:3  | Killed Margery
 48083 | Crypt:3  | Identified the +3 plate armour of Benevolence {rPois Str-2
                  | Dex+3 Stlth+}
 48100 | Crypt:3  | Identified the +9 shortbow "Fisax" {heavy, rC+ rN++ Int+3
                  | Dex-4}
 48108 | Crypt:3  | Identified the +1 robe "Osullei" {Str+3}
 48179 | Crypt:3  | Found the ring of the Hare {EV+10}
 48372 | Tomb:1   | Entered Level 1 of the Tomb of the Ancients
 49330 | Depths:1 | Found an iron altar of Okawaru.
 49407 | Depths:1 | You fall into a shaft and drop 1 floor!
 49622 | Depths:2 | Noticed a juggernaut
 49653 | Depths:2 | Killed a juggernaut
 50014 | Depths:2 | Reached XP level 24. HP: 238/238 MP: 22/22
 50092 | Depths:2 | Reached skill level 5 in Dodging
 50651 | Depths:2 | Identified the +3 morningstar "Killer Bee's Regret" {drain,
                  | Int+4 Stlth-}
 50758 | Depths:2 | Found a gateway to Hell.
 50795 | Hell     | Entered the Vestibule of Hell
 50795 | Hell     | Noticed Geryon
 50800 | Hell     | Noticed Murray
 50830 | Depths:2 | Upgraded the game from 0.31-a0-149-g3fdcc5976a to
                  | 0.31-a0-150-g89dc3ad700
 52546 | Vaults:5 | Gained mutation: You have a pair of large horns on your
                  | head. [hidden potential]
 52556 | Vaults:5 | Noticed an ancient lich
 52573 | Vaults:4 | Killed an ancient lich
 52616 | Vaults:5 | Noticed a dread lich
 52654 | Vaults:5 | Paralysed by a dread lich for 4 turns
 52661 | Vaults:4 | Paralysed by a dread lich for 5 turns
 53199 | Vaults:4 | Killed a dread lich
 53762 | Abyss:2  | Found a corrupted altar of Lugonu.
 53762 | Abyss:2  | Cast into level 2 of the Abyss (a deep elf sorcerer)
 53770 | Vaults:5 | Escaped the Abyss
 53998 | Vaults:5 | Identified the +0 plate armour of the Furrier {Str+2}
 54037 | Vaults:5 | Noticed a dread lich
 54049 | Vaults:5 | Killed a dread lich
 54132 | Vaults:5 | Reached XP level 25. HP: 249/255 MP: 22/22
 54414 | Vaults:5 | Identified the +9 hand axe of Disgust {freeze, rPois rF-
                  | Str+10 Stlth-}
 54418 | Vaults:5 | Identified the staff of poison "Fyngith" {Drain rPois
                  | Str+4}
 54421 | Vaults:5 | Identified the +7 plate armour "Meyteq" {Int+3 SInv}
 54437 | Vaults:5 | Got a silver rune of Zot
 54452 | Vaults:5 | Identified the amulet "Olyon" {Faith +Blink rPois rF+}
 54670 | Vaults:5 | Identified the ring of Beris {rF+ rC+ Str+3 Int+3}
 54674 | Vaults:5 | Identified the amulet "Taoketa" {Reflect Will++ SH+5}
 54677 | Vaults:5 | Identified the ring "Pasonays" {Ice Str+2}
 54679 | Vaults:5 | Identified the +2 quarterstaff of Impirech {antimagic, rN+}
 54709 | Vaults:5 | Got the Elucidation of Direction
 54739 | Vaults:5 | Lost mutation: You have a pair of large horns on your head.
                  | [potion of mutation]
 54739 | Vaults:5 | Lost mutation: You have hidden genetic potential. [potion
                  | of mutation]
 54739 | Vaults:5 | Gained mutation: You are frail. (-10% HP) [potion of
                  | mutation]
 54739 | Vaults:5 | Gained mutation: You occasionally lose the ability to read
                  | scrolls when taking damage. [potion of mutation]
 54739 | Vaults:5 | Gained mutation: You have sharp toenails. [potion of
                  | mutation]
 54745 | Vaults:5 | Lost mutation: You have sharp toenails. [potion of
                  | mutation]
 54745 | Vaults:5 | Lost mutation: You are frail. (-10% HP) [potion of
                  | mutation]
 54745 | Vaults:5 | Lost mutation: You occasionally lose the ability to read
                  | scrolls when taking damage. [potion of mutation]
 54745 | Vaults:5 | Gained mutation: You are partially covered in iridescent
                  | scales. (AC +2) [potion of mutation]
 54759 | Vaults:5 | Acquired 1256 gold pieces
 54916 | Vaults:5 | Identified the amulet of Kindness {Acrobat Harm Will+
                  | Regen+ Slay+2}
 55253 | Vaults:5 | Identified the +5 ring mail of Xeckel {rCorr}
 55363 | Vaults:5 | Identified the +12 shortbow "Cudiawah" {speed, rCorr}
 56185 | Depths:3 | Noticed the Enchantress
 56223 | Depths:3 | Killed the Enchantress
 56572 | Depths:3 | Reached skill level 27 in Fighting
 56654 | Depths:3 | Reached skill level 10 in Dodging
 56942 | Depths:3 | Identified the +0 arbalest "Jimigg" {penet, Fly rCorr
                  | Stlth+}
 57016 | Depths:3 | Found a one-way gate to the infinite horrors of the Abyss.
 57070 | Depths:3 | Found Ovynoath's Overcharged Wands.
 57078 | Depths:3 | Bought a wand of digging (11) for 693 gold pieces
 57078 | Depths:3 | Bought a wand of digging (11) for 693 gold pieces
 57078 | Depths:3 | Bought a wand of digging (11) for 693 gold pieces
 57078 | Depths:3 | Bought a wand of digging (11) for 693 gold pieces
 57417 | Depths:4 | Entered Level 4 of the Depths
 57542 | Depths:4 | Paralysed by a floating eye for 4 turns
 57550 | Depths:4 | Paralysed by a floating eye for 4 turns
 58137 | Depths:4 | Found a one-way gateway to a ziggurat.
 58143 | Depths:4 | Paralysed by a floating eye for 4 turns
 58151 | Depths:4 | Paralysed by a floating eye for 3 turns
 58172 | Depths:4 | Paralysed by a floating eye for 3 turns
 58177 | Depths:4 | Paralysed by a floating eye for 4 turns
 58432 | Depths:4 | Found a shimmering blue altar of Sif Muna.
 58627 | Depths:4 | Paralysed by a floating eye for 3 turns
 58994 | Depths:4 | Found a gate to the Realm of Zot.
 59018 | Zot:1    | Entered Level 1 of the Realm of Zot
 59051 | Zot:1    | HP: 6/385 [red draconian/+0 scimitar (18)]
 59052 | Zot:1    | Slain by a tentacled monstrosity

Illustrated notes

Levels and vault maps discovered:
D:1:      minmay_arrival_pointy, layout_rooms
D:2:      layout_rooms, serial_shops, nicolae_shop_dealshenge,
          minmay_split_cup_small
D:3:      layout_loops_ring, nicolae_tso_swordbearing_angel, uniq_jessica
D:4:      layout_basic, nemelex_xobeh_ov_fountains_minmay
D:5:      layout_loops_ring, nicolae_overflow_hidden_temple, temple_hall,
          minmay_curled_crystal, hangedman_abyss_or_decor_slice
D:6:      layout_loops_cross, nicolae_dithmenos_the_darkroom, kennysheep_potato
D:7:      layout_gridville, hellmonk_no_cap
D:8:      layout_loops_ring, hangedman_feature_mirror, nicolae_elemental_shop,
          uniq_joseph
D:9:      layout_long_grid, doesnt_xom_only_xom, enter_bailey_3,
          minmay_quadrilaterals
D:10:     layout_roguey [special_room_orc], mainiacjoe_overflow_divided_tiny,
          david_lair_shrubbed, hellmonk_bongcloud_opening
D:11:     layout_small_grid, orc_0_dummy, uniq_maurice
D:12:     nicolae_hitomezashi [nicolae_hito_row, nicolae_hito_row,
          nicolae_hito_row, nicolae_hito_row, nicolae_hito_row,
          nicolae_hito_row, nicolae_hito_row, nicolae_hito_row,
          nicolae_hito_row, nicolae_hito_row, nicolae_hito_row,
          nicolae_hito_row, nicolae_hito_row, nicolae_hito_row,
          nicolae_hito_row, nicolae_hito_row, nicolae_hito_row,
          nicolae_hito_row], layout_small_grid, gauntlet_entry_generic,
          serial_shops, shop, nicolae_qazlal_scattered_showers
D:13:     minmay_triangles_in_corner, layout_stronghold, kiku_gazebo_pond_becter
D:14:     layout_cave_pools, david_vaults_5, minivault_19, uniq_roxanne
D:15:     grunt_enter_depths_snipers, layout_rooms, serial_shops,
          nicolae_shop_crystal, nicolae_square_shop, shop, shop,
          nicolae_shop_trees, minmay_parallelograms,
          portal_ice_cave_entry_pillars_1, minivault_7
Temple:   eino_wide_crystal_templ
Lair:1:   layout_cellular_growth, ebering_ghost_disaster_area,
          serial_bayou_pond_a, uniq_gastronok, uniq_grum
Lair:2:   layout_small_grid, minmay_swamp_entry_worms,
          guppyfry_snake_entry_island, nicolae_lair_grazing_beasts
          [nicolae_sub_lair_graze_edge, nicolae_sub_lair_graze_edge,
          nicolae_sub_lair_graze_edge, nicolae_sub_lair_graze_edge]
Lair:3:   layout_misc_corridors, grunt_megastairs_3
Lair:4:   layout_small_grid, dpeg_slime_entry_enclosed, serial_bayou_shore_a
Lair:5:   hangedman_lair_in_review, layout_loops_ring, guppyfry_lair_end_dragon,
          nicolae_quartered_pool_medium, hibernation_bobbens,
          serial_bayou_shore_b
Swamp:1:  layout_falls_marsh, evilmike_swamp_ruin_rubble_2
Swamp:2:  layout_basic_swamp, nicolae_swamp_some_circles, swamp_pool4,
          lemuel_altar_in_water
Swamp:3:  nicolae_swamp_decorative_isthmus, layout_basic_swamp,
          ebering_ghost_rock_garden, serial_swamp_ruin,
          evilmike_swamp_ruin_rubble_1, evilmike_swamp_ruin_house_2
Swamp:4:  swamp_vile, layout_basic_swamp, swamp_pool1
Snake:1:  layout_misc_corridors, guppyfry_library_mini
Snake:2:  layout_onion_interference, ebering_ghost_xom, grunt_megastairs_5,
          uniq_kirke
Snake:3:  layout_gridlike, nicolae_snake_serpentine_hallways,
          grunt_ministairs_6, nicolae_wooded_promenade,
          nicolae_elevator_lobby_asterisk, uniq_aizul, uniq_vashnia
Snake:4:  grunt_snake_rune_pools, layout_cave_town
Orc:1:    layout_diamond_mine, basic_altar, serial_shops, shop
Orc:2:    pf_orc_diabolical, layout_caves, ebering_ghost_rock_garden,
          serial_shops, shop_fountains, bh_open_orc_temple
Elf:1:    eino_elf_arrival_shootout, layout_geoelf_grid, serial_shops, shop,
          hangedman_elf_disciples, onia_ninara_cookie
Elf:2:    nicolae_elf_blades_splatter_lattice
          [nicolae_vaults_blade_armed_guards], layout_gridlike, serial_shops,
          nicolae_shop_tiny_waterfront, uniq_donald
Elf:3:    minmay_elf_hall_four_x, layout_gridlike, serial_shops, shop_statue,
          guppyfry_elf_lava
Vaults:1: v_alt_pattern_1, vaults_room_semicircle,
          nicolae_vaults_trapezoid_lopsided_2, nicolae_vaults_closet_pinwheel_4,
          v_misc_2, nicolae_vaults_rhombus_5,
          nicolae_vaults_antechamber_and_loot_room,
          nicolae_vaults_trapezoid_lopsided_2, layout_vaults_quadrants,
          serial_shops, shop
Vaults:2: vaults_room_hangedman_quadrants, v_rooms_4, nicolae_vaults_asterisk,
          v_misc_9, v_misc_10, vaults_mumra_chevron, nicolae_vaults_house_3,
          ontoclasm_vaults_ring_square, nicolae_vaults_six-pack,
          nicolae_vaults_surprise_closet, vaults_mumra_lcd, serial_ice_g,
          v_misc_10, nicolae_vaults_trapezoid_1, layout_vaults_big_cross,
          serial_shops, nicolae_shop_tiny_real_fake_doors
Vaults:3: ontoclasm_vaults_gateway, ontoclasm_vaults_pinch,
          hangedman_vaults_locks, nicolae_vaults_double_plus_3,
          ontoclasm_vaults_fault, vaults_standard_mumra_enter_the_diamond,
          minmay_crypt_entry_vampire_xt, nicolae_vaults_tangram_1,
          nicolae_vaults_specimen_jars, nicolae_vaults_closet_pinwheel_4,
          nicolae_vaults_trapezoid_2, layout_vaults_chaotic_city, serial_shops,
          nicolae_shop_gaudy_bauble
Vaults:4: hellmonk_ghost_big_iron, hangedman_vaults_capsules,
          kennysheep_vaults_gozag_temple, hangedman_vaults_hat,
          nicolae_vaults_wine_cellar, v_misc_8,
          nicolae_vaults_ring_of_whatevers, nicolae_vaults_sesquioval_fish,
          v_misc_10, vaults_standard_mumra_x, nicolae_vaults_tangram_1,
          nicolae_vaults_variable_pillar_hall, ontoclasm_vaults_decontamination,
          layout_vaults_ring
Vaults:5: serial_shops
Crypt:1:  gammafunk_sealed_library, layout_gridlike, grunt_crypt_arrival_split
Crypt:2:  layout_gridlike
Crypt:3:  church_of_pain_bobbens, layout_chaotic_city, st_burial_chamber,
          uniq_margery
Tomb:1
Depths:1: layout_cave_pools, kennysheep_crisscross, lightli_too_deep,
          kennysheep_minor_cross, okawaru_gym_becter
Depths:2: minmay_the_grid_octo_tiled_squarecenter [minmay_the_grid_octo_chip,
          minmay_the_grid_octo_checkerflower, minmay_the_grid_octo_teeth,
          minmay_the_grid_octo_fan_narrow,
          minmay_the_grid_square_5x5_megaprize_crossed,
          minmay_the_grid_square_5x5_checkered_statues,
          minmay_the_grid_square_5x5_percent,
          minmay_the_grid_square_5x5_tri_point,
          minmay_the_grid_square_5x5_three], layout_cave_pools,
          marbit_kobold_abyss_entry, nrook_mini_backslash,
          rand_demon_pan_entry_4, pf_coc_iceberg, kennysheep_small_circle,
          infiniplex_staircase_door_maze
Depths:3: evilmike_pillar_path, layout_cave_pools, rand_demon_pan_entry_9,
          abyss_entry_crystal, hell_entry, chequers_serial_rivers_marsh,
          nicolae_shop_overcharged_wands, uniq_enchantress
Depths:4: grunt_zot_entry_gee_three, layout_gridlike, enter_ziggurat_c,
          pan_entry, hell_entry, lemuel_blue_sif_altar
Hell
Zot:1:    layout_gridlike, evilmike_ambush [evilmike_ambush_outer_basic,
          evilmike_ambush_inner_basic]

Skill      XL: |  1  2  3  4  5  6  7  8  9 10 11 12 13 14 15 16 17 18 19 20 21 22 23 24 25 |
---------------+----------------------------------------------------------------------------+-----
Fighting       | 4 5 6 7 8 11 12 13 14 15 16 17 18 19 21 24 26 27 | 27.0
Axes           | 3 4 5 6 7 9 11 13 15 17 18 19 20 21 22 23 24 25 | 25.7
Armour         | 4 5 6 7 8 10 11 12 13 14 15 16 17 18 19 20 21 22 | 22.9
Shields        | 4 6 8 10 12 14 16 18 20 22 24 25 26 27 | 27.0
Dodging        | 1 4 8 11 | 11.4
Polearms       | 10 14 17 19 21 | 21.5

Action                     |  1- 3 |  4- 6 |  7- 9 | 10-12 | 13-15 | 16-18 | 19-21 | 22-24 | 25-27 || total
---------------------------+-------+-------+-------+-------+-------+-------+-------+-------+-------++-------
  Melee: War axe           |    83 |    92 |   143 |   351 |   796 |   668 |   652 |    13 |       ||  2798
         Headbutt          |    14 |    19 |    11 |    51 |   152 |   144 |   366 |   712 |   172 ||  1641
         Spear             |       |    30 |       |   124 |       |       |       |       |       ||   154
         Lance             |       |       |       |       |       |       |   960 |  2419 |   632 ||  4011
 Invoke: Upheaval          |       |       |       |     1 |       |       |       |       |       ||     1
  Evoke: Wand              |       |       |       |       |       |       |       |     1 |       ||     1
    Use: Scroll            |       |       |       |     5 |    10 |    13 |     5 |    16 |     2 ||    51
         Potion            |       |       |       |       |     3 |     8 |    11 |     5 |     5 ||    32
 Armour: Scale mail        |    14 |       |       |       |       |       |       |       |       ||    14
         Plate armour      |    27 |    89 |   149 |    21 |       |       |       |       |       ||   286
         Crystal plate arm |       |       |       |   162 |   415 |   522 |   429 |   543 |   229 ||  2300
  Dodge: Dodged            |    47 |    49 |    70 |    56 |   120 |   152 |   159 |   322 |   206 ||  1181
         Repelled          |       |       |       |     1 |    12 |    18 |    10 |    11 |     6 ||    58
  Block: Buckler           |    17 |    28 |    45 |       |       |       |       |       |       ||    90
         Tower shield      |       |       |    30 |   363 |  1005 |  1220 |  1617 |  2553 |   779 ||  7567
         Reflection        |       |       |       |       |       |       |   154 |    43 |    12 ||   209

Table legend: (Time is in decaauts)
 A = Elapsed time spent in this place.
 B = Non-inter-level travel time spent in this place.
 C = Inter-level travel time spent in this place.
 D = Time resting spent in this place.
 E = Time spent auto-exploring this place.
 F = Levels seen in this place.
 G = Mean time per level.
                   A        B        C        D        E       F      G
               +--------+--------+--------+--------+--------+-----+--------+
         Total |  58164 |  52003 |   6161 |   7218 |  29942 |  52 | 1118.5 |
       Dungeon |  13755 |  11267 |   2488 |    213 |   8699 |  15 |  917.0 |
        Temple |     61 |     50 |     11 |      0 |     32 |   1 |   61.0 |
          Lair |   6226 |   5620 |    606 |    381 |   3902 |   5 | 1245.2 |
         Swamp |   3782 |   3558 |    224 |    913 |   1787 |   4 |  945.5 |
     Snake Pit |   5097 |   4815 |    282 |    907 |   2692 |   4 | 1274.2 |
  Orcish Mines |   2372 |   1943 |    429 |    146 |   1274 |   2 | 1186.0 |
   Elven Halls |   5843 |   5452 |    391 |   1514 |   2525 |   3 | 1947.7 |
        Vaults |   9759 |   8833 |    926 |   1818 |   4669 |   5 | 1951.8 |
         Crypt |   5354 |   5016 |    338 |    943 |   1704 |   3 | 1784.7 |
          Tomb |    428 |    428 |      0 |    100 |      0 |   1 |  428.0 |
        Depths |   4854 |   4393 |    461 |    283 |   2488 |   4 | 1213.5 |
          Hell |      9 |      9 |      0 |      0 |      0 |   1 |    9.0 |
           Zot |     17 |     17 |      0 |      0 |      0 |   1 |   17.0 |
         Abyss |      7 |      7 |      0 |      0 |      0 |   1 |    7.0 |
        Bailey |    429 |    429 |      0 |      0 |    145 |   1 |  429.0 |
      Ice Cave |    166 |    166 |      0 |      0 |     22 |   1 |  166.0 |
               +--------+--------+--------+--------+--------+-----+--------+

Top non-repeatable levels by time:
Vaults:4: 3477 daAuts
   Elf:2: 2236 daAuts
   Elf:3: 2106 daAuts
   Orc:2: 2030 daAuts
 Crypt:1: 1955 daAuts
 Crypt:3: 1898 daAuts
  Lair:5: 1822 daAuts
Vaults:5: 1723 daAuts
Vaults:3: 1642 daAuts
Depths:2: 1603 daAuts
Vaults:1: 1586 daAuts
   Elf:1: 1500 daAuts
 Crypt:2: 1499 daAuts
Depths:4: 1489 daAuts
 Snake:4: 1480 daAuts
